 Dungeon Crawl Stone Soup version 0.27.1-1-g398f81649c (webtiles) character file.

Game seed: 1260532074716727117

7 Squid the Slasher (level 2, 0/24 HPs)
             Began as a Merfolk Berserker on Sept 14, 2021.
             Was a Follower of Trog.
             Frozen to death by an endoplasm (4 damage)
             ... on level 1 of the Dungeon.
             The game lasted 00:01:16 (146 turns).

Squid the Slasher (Merfolk Berserker)                Turns: 146, Time: 00:01:16

Health: 0/24       AC:  2    Str: 17    XL:     2   Next: 0%
Magic:  2/2        EV: 12    Int:  6    God:    Trog [*.....]
Gold:   5          SH:  0    Dex: 13    Spells: 1/1 levels left

rFire    . . .     SeeInvis .   a - +0 falchion
rCold    . . .     Faith    .   (no shield)
rNeg     . . .     Spirit   .   b - +0 animal skin
rPois    .         Reflect  .   (no helmet)
rElec    .         Harm     .   (no cloak)
rCorr    .         Rampage  .   (no gloves)
Will     .....                  (no boots)
Stlth    +.........             (no amulet)
HPRegen  0.08/turn              (no ring)
MPRegen  0.08/turn              (no ring)

@: no status effects
A: (nimble swimmer 2), mertail
a: Renounce Religion, Berserk


You were on level 1 of the Dungeon.
You worshipped Trog.
Trog was aware of your devotion.
You visited 1 branch of the dungeon, and saw 1 of its levels.

You collected 5 gold pieces.

Inventory:

Hand Weapons
 a - a +0 falchion (weapon)
Armour
 b - a +0 animal skin (worn)
Scrolls
 d - a scroll of amnesia {unknown}
Potions
 c - a potion of flight {unknown}


   Skills:
 + Level 3.4 Fighting
 + Level 3.5 Long Blades
 + Level 1.5 Armour
 + Level 2.8 Dodging


You had one spell level left.
You didn't know any spells.
Your spell library was empty.

Dungeon Overview and Level Annotations

Branches:
Dungeon (1/15)

Altars:


Innate Abilities, Weirdness & Mutations

((You are quick and stealthy near water. (Stealth+, EV+, Speed+++)))
Your lower body shifts to a powerful aquatic tail in water.


Message History

An endoplasm comes into view.
The bat barely misses you.
You riposte.
You slash the bat!
You kill the bat!
Trog accepts your kill.
A bat and an endoplasm come into view.
The endoplasm quivers.
You see here a scroll labelled GOWKUNTIMU.
d - a scroll labelled GOWKUNTIMU You hit the endoplasm but do no damage.
The endoplasm freezes you.
You are frozen.
You hit the endoplasm.
The endoplasm is lightly wounded.
The endoplasm barely misses you.
You riposte.
You completely miss the endoplasm. You hit the endoplasm but do no damage.
The endoplasm freezes you.
You are frozen.
The bat closely misses you.
You riposte.
You barely miss the bat. You hit the endoplasm.
The endoplasm is heavily wounded.
The bat barely misses you. The endoplasm hits you. The endoplasm freezes you.
You are frozen.
You hit the endoplasm.
You kill the endoplasm!
Trog accepts your kill.
The bat barely misses you. x2; You riposte.
You hit the bat.
You kill the bat!
Trog accepts your kill. The endoplasm hits you.
* * * LOW HITPOINT WARNING * * *
You have reached level 2!
The endoplasm hits you.
* * * LOW HITPOINT WARNING * * *
You hit the endoplasm.
The endoplasm is heavily wounded.
The endoplasm freezes you.
You are frozen.
You die...

.... #### .....
############... .....
#.....P..P..P..
......####...≈.≈..P.##..
......+.........####P...
......#####..###..P.P.##
...........###_..P.....#
.........#...###..⌠....#
###.#.J@.....#...⌠..P≈..
# #........#.......P..
#........###.P..PP..
#............P...P.#
.............P.....#
##..................#
###+####### #.......
#####.## . #.#.


You could see an endoplasm.

Vanquished Creatures
  2 endoplasms (D:1)
  A goblin (D:1)
  A hobgoblin (D:1)
  2 bats (D:1)
6 creatures vanquished.

Vanquished Creatures (others)
  A plant (D:1)
1 creature vanquished.

Grand Total: 7 creatures vanquished

Notes
Turn   | Place    | Note
-------+----------+-------------------------------------------
     0 | D:1      | Squid the Merfolk Berserker began the quest for the Orb.
     0 | D:1      | Reached XP level 1. HP: 18/18 MP: 1/1
    66 | D:1      | Found a faded altar of an unknown god.
   145 | D:1      | Reached XP level 2. HP: 6/24 MP: 2/2
   146 | D:1      | Frozen to death by an endoplasm

Illustrated notes

Levels and vault maps discovered:
D:1:      dpeg_arrival_stone_temple_mockup, layout_basic,
          shapermc_ecumenical_altar_mp_ritualfount, serial_glass,
          glass_columns_a, glass_columns_b

Action                   || total
-------------------------++-------
Melee: Falchion          ||    15
Invok: Berserk           ||     1
  Use: Scroll            ||     1
Dodge: Dodged            ||    13
       Rpst.: Falchion   ||     4
